 Dungeon Crawl Stone Soup version 0.31-a0-844-gdc52ec4e09 (webtiles) character file.

Game seed: 4987190537236545740

51 Dirtsage the Chopper (level 3, -1/29 HPs)
             Began as a Demonspawn Berserker on Sept 28, 2023.
             Was a Follower of Trog.
             Slain by Sigmund
             ... wielding a +0 scythe
              (3 damage)
             ... on level 2 of the Dungeon.
             The game lasted 00:01:43 (1061 turns).

Dirtsage the Chopper (Demonspawn Berserker)         Turns: 1061, Time: 00:01:43

Health: -1/29      AC:  6    Str: 25    XL:     3   Next: 57%
Magic:  3/3        EV: 11    Int:  8    God:    Trog [*.....]
Gold:   79         SH:  0    Dex: 12    Spells: 2/2 levels left

rFire   . .          .
                       - Unarmed
rCold   . . .        (no shield)
rNeg    . . .        g - +0 ring mail
rPois   .            (no helmet)
rElec   .            l - +0 cloak
rCorr   .            (no gloves)
SInv    .            (no boots)
Will    .....        (no amulet)
Stlth   +            e - +6 ring of strength
HPRegen 0.24/turn    (no ring)
MPRegen 0.08/turn

%: no passive effects
@: on berserk cooldown, slowed, very slow
A: demonic touch 1
a: Renounce Religion, Berserk


You were on level 2 of the Dungeon.
You worshipped Trog.
Trog was aware of your devotion.
You visited 1 branch of the dungeon, and saw 2 of its levels.

You collected 79 gold pieces.

Inventory:

Armour
 g - a +0 ring mail (worn)
 l - a +0 cloak (worn)
Jewellery
 e - a +6 ring of strength (left hand)
 W - a ring of wizardry
Scrolls
 a - a scroll of amnesia {unknown}
 d - a scroll of brand weapon {unknown}
 h - a scroll of identify {unknown}
 i - a scroll of revelation {unknown}
 j - a scroll of teleportation {unknown}
Potions
 c - 2 potions of brilliance {unknown}
 f - a potion of attraction {unknown}
 k - a potion of lignification {unknown}


   Skills:
 - Level 3.0 Fighting
 - Level 3.2 Axes
 - Level 1.7 Armour
 - Level 1.7 Dodging
 * Level 2.3 Unarmed Combat


You had 2 spell levels left.
You didn't know any spells.
Your spell library contained the following spells:

 Spells                   Type           Power      Damage    Failure   Level
 Slow                     Hex            0%         N/A       54%         1
 Confusing Touch          Hex            0%         N/A       89%         3
 Sigil of Binding         Hex            0%         N/A       89%         3
 Vampiric Draining        Necr           0%         2d6       89%         3
 Volatile Blastmotes      Fire/Tloc      0%         2d10      89%         3
 Fulminant Prism          Conj/Hex       0%         3d5       100%        4
 Iskenderun's Mystic Bla  Conj/Tloc      0%         2d3       100%        4


Dungeon Overview and Level Annotations

Branches:
Dungeon (2/15)

Altars:

Annotations:
D:2 Sigmund


Innate Abilities, Weirdness & Mutations

Your touch may inflict minor irresistible damage on your foes.


Message History

An adder comes into view.
An endoplasm comes into view.
A rat comes into view.
The endoplasm quivers.
Sigmund attacks as he pursues you!
Sigmund hits you from afar with a +0 scythe.
You take 5 damage, and have 24/29 hp.
A red film seems to cover your vision as you go berserk!
You feel yourself moving faster!
You feel mighty!
You now have 37/43 hp.
You feel a strong urge to attack something.
Sigmund casts a spell at you.
You are confused.
A giant cockroach comes into view.
Sigmund points at you and mumbles some strange words.
The puff of flame hits you.
You take 2 damage, and have 35/43 hp.
You feel your anger nearly subside.
You are no longer berserk.
You are exhausted.
You feel yourself slow down.
You now have 24/29 hp.
Sigmund barely misses you.
You hit Sigmund. Your touch misses Sigmund.
Sigmund is lightly wounded.
Sigmund casts a spell.
Sigmund flickers and vanishes!
Deactivating autopickup; reactivate with Ctrl-A.
You bump into the rock wall.
You feel less confused. Something hits you!
You take 10 damage, and have 15/29 hp.
MASSIVE DAMAGE!!
You closely miss something. Something hits you.
You take 4 damage, and have 11/29 hp.
You hit something but do no damage. Something hits you!
* * * LOW HITPOINT WARNING * * *
You take 7 damage, and have 4/29 hp.
MASSIVE DAMAGE!!
You miss something. Something hits you but does no damage.
You closely miss something. Something hits you.
* * * LOW HITPOINT WARNING * * *
You take 3 damage, and have 1/29 hp.
You hit something. Something hits you.
You die...

#.........#.#.#.#
#.......>.#.#.#.#
##.............#.#
...........#.###.#
#.........#.# #.#
#.........#.# #.#
#.........#.# #.#
########.####.# #.#
#rSJ{@........# #.#
.B.....###.#########
#.# ...$#.. #.# #.#
... #.. #.# #.# .
#.. #.# ###.# #..
#.# #...# #.. #.#
#.### ... #.# #.#
..# #)#


You could see an adder, an endoplasm and a rat.

Vanquished Creatures
  Crazy Yiuf (D:2)
  A dart slug (D:1)
  4 goblins (D:1)
  2 hobgoblins (D:1)
  A ball python (D:1)
  A bat (D:1)
  3 frilled lizards
  4 kobolds
  6 rats
23 creatures vanquished.

Notes
Turn   | Place    | Note
-------+----------+-------------------------------------------
     0 | D:1      | Dirtsage the Demonspawn Berserker began the quest for the
                  | Orb.
     0 | D:1      | Reached XP level 1. HP: 18/18 MP: 1/1
   254 | D:1      | Discovered your monstrous ancestry.
   254 | D:1      | Gained mutation: Your touch may inflict minor irresistible
                  | damage on your foes. [demonic ancestry]
   254 | D:1      | Reached XP level 2. HP: 24/24 MP: 2/2
   503 | D:1      | Reached skill level 1 in Unarmed Combat
   935 | D:2      | Found a runed translucent door.
   936 | D:2      | Noticed Crazy Yiuf
   943 | D:2      | Killed Crazy Yiuf
   944 | D:2      | Reached XP level 3. HP: 29/29 MP: 3/3
  1044 | D:2      | Noticed Sigmund
  1060 | D:2      | HP: 1/29 [something (3)]
  1061 | D:2      | Slain by Sigmund

Illustrated notes

Levels and vault maps discovered:
D:1:      lemuel_arrival_lava_pool, layout_basic
D:2:      minmay_diamond_boxcup, layout_loops_ring, kennysheep_generic_room_16,
          uniq_sigmund, uniq_crazy_yiuf_cottage

Skill      XL: |  1  2 |
---------------+-------+-----
Axes           | 3 |  3.2
Unarmed Combat | 2 |  2.3
Fighting       | |  3.0
Armour         | |  1.7
Dodging        | |  1.7

Action                     || total
---------------------------++-------
  Melee: Hand axe          ||    22
         Unarmed           ||    39
         Touch             ||     6
         Punch             ||     1
 Invoke: Berserk           ||     2
   Stab: Sleeping          ||     1
 Armour: Animal skin       ||    20
         Ring mail         ||    14
  Dodge: Dodged            ||    32

Table legend: (Time is in decaauts)
 A = Elapsed time spent in this place.
 B = Non-inter-level travel time spent in this place.
 C = Inter-level travel time spent in this place.
 D = Time resting spent in this place.
 E = Time spent auto-exploring this place.
 F = Levels seen in this place.
 G = Mean time per level.
                   A        B        C        D        E       F      G
               +--------+--------+--------+--------+--------+-----+--------+
         Total |   1074 |    993 |     81 |     36 |    774 |   2 |  537.0 |
       Dungeon |   1074 |    993 |     81 |     36 |    774 |   2 |  537.0 |
               +--------+--------+--------+--------+--------+-----+--------+

Top non-repeatable levels by time:
     D:1: 879 daAuts
     D:2: 195 daAuts
